 Seeded DCSS version 0.29-a0-359-g541a27f54d (webtiles) character file.

Game seed: 10077074884737061911 (custom seed)

58 ravioli the Magician (level 4, -1/46 HPs)
             Began as a Djinni Earth Elementalist on Apr 27, 2022.
             Slain by Pargi (4 damage)
             ... on level 3 of the Dungeon on Apr 28, 2022.
             The game lasted 00:08:31 (2116 turns).

ravioli the Magician (Djinni Earth Elementalist)    Turns: 2116, Time: 00:08:31

Health: -1/46      AC:  2    Str:  7    XL:     4   Next: 21%
Gold:   131        EV: 12    Int: 18    God:
                   SH:  0    Dex: 14

rFire   + + .      SeeInvis .   (no weapon)
rCold   x . .      Faith    .   (no shield)
rNeg    . . .      Spirit   .   b - +0 robe
rPois   ∞          Reflect  .   (no helmet)
rElec   .          Harm     .   (no cloak)
rCorr   .          Rampage  .   (no gloves)
Will    .....                   (boots unavailable)
Stlth   ..........              (no amulet)
HPRegen 0.15/turn               (no ring)
MPRegen 0.00/turn               (no ring)

@: brilliant, berserking, flying, very quick
A: sickness immunity, fire resistance 2, cold vulnerability 1, float, innate
caster, HP casting, extra vitality 1
a: no special abilities


You were on level 3 of the Dungeon.
You visited 1 branch of the dungeon, and saw 3 of its levels.

You collected 131 gold pieces.

Inventory:

Missiles
 a - 80 stones
Armour
 b - a +0 robe (worn)
Jewellery
 l - an amulet of faith
 q - a ring of wizardry
Scrolls
 c - a scroll of vulnerability {unknown}
 e - a scroll of amnesia {unknown}
 h - a scroll of acquirement {unknown}
 i - a scroll of brand weapon {unknown}
 j - a scroll of enchant weapon {unknown}
 m - 4 scrolls of identify {unknown}
 o - a scroll of fear {unknown}
Potions
 f - a potion of curing {unknown}
 g - a potion of cancellation
 n - a potion of heal wounds {unknown}
 p - a potion of degeneration {unknown}


   Skills:
 + Level 0.2 Fighting
 + Level 2.5 Dodging
 + Level 2.3 Stealth
 + Level 3.2 Spellcasting


You couldn't memorise any spells.
You knew the following spells:

 Your Spells              Type           Power      Damage    Failure   Level
a - Sandblast             Erth           42%        2d11      4%          1
b - Passwall              Tmut/Erth      17%        N/A       6%          2
c - Stone Arrow           Conj/Erth      42%        3d9       13%         3
d - Petrify               Tmut/Erth      21%        N/A       38%         4
e - Sting                 Tmut/Pois      84%        1d7       4%          1
Your spell library was empty.

Dungeon Overview and Level Annotations

Branches:
Dungeon (3/15)

Altars:

Annotations:
D:3 Pargi


Innate Abilities, Weirdness & Mutations

You are immune to sickness and miasma.
You are immune to poison.
Your flesh is very heat resistant. (rF++)
You are vulnerable to cold. (rC-)
You float through the air rather than walking.
You learn spells naturally, not from books.
Your magical power is your life essence.
You have superior vitality. (+4 MHP)


Message History

You are blasted with magical energy.
Pargi bites you. Pargi claws you but does no damage. Pargi claws you.
It was a potion of cancellation.
You feel magically purged.
Your magical contamination has completely faded away.
Pargi closely misses you. Pargi barely misses you. Pargi claws you.
It was a potion of brilliance.
You feel clever all of a sudden. Pargi bites you. Pargi closely misses you. x2
It was a potion of berserk rage.
A red film seems to cover your vision as you go berserk!
You feel yourself moving faster!
You feel mighty! Pargi closely misses you. Pargi claws you but does no damage.
Pargi claws you.
You punch Pargi!
Pargi is moderately wounded.
You punch Pargi!
Pargi is heavily wounded.
Pargi closely misses you. x2; Pargi claws you.
You hit Pargi.
Pargi is severely wounded.
You barely miss Pargi.
Pargi is severely wounded.
Pargi closely misses you. Pargi claws you.
* * * LOW HITPOINT WARNING * * *
Pargi barely misses you.
You barely miss Pargi.
Pargi is heavily wounded.
Pargi bites you.
* * * LOW HITPOINT WARNING * * *
Pargi claws you.
* * * LOW HITPOINT WARNING * * *
Pargi misses you.
You are too berserk!
You barely miss Pargi.
Pargi is heavily wounded.
You hit Pargi.
Pargi is severely wounded.
Pargi bites you!
* * * LOW HITPOINT WARNING * * *
Pargi claws you.
You die...

.....##.#.#.#.#
###...#.#.#.#.#
#.....#.#.#.#.#
#.#.....#.#.#.#
####.###.......#.#
#####....#######.#.#.#
#......†.........#...#
#.###.################
#....@....#
#.###T###.# #.###.#
#.....# #.##### ###


You could see Pargi.

Vanquished Creatures
  An adder (D:2)
  A worm (D:2)
  2 dart slugs (D:1)
  An endoplasm (D:2)
  2 giant cockroaches (D:1)
  3 goblins
  3 hobgoblins
  3 kobolds (D:1)
  3 quokkas
  5 ball pythons
  8 bats
  3 frilled lizards (D:1)
  8 rats
43 creatures vanquished.

Notes
Turn   | Place    | Note
-------+----------+-------------------------------------------
     0 | D:1      | ravioli the Djinni Earth Elementalist began the quest for
                  | the Orb.
     0 | D:1      | Reached XP level 1. HP: 15/15 MP: 0/0
   421 | D:1      | Reached XP level 2. HP: 19/21 MP: 0/0
   796 | D:1      | Reached XP level 3. HP: 22/25 MP: 0/0
   796 | D:1      | Learned a level 1 spell: Sting
  1027 | D:1      | Reached skill level 3 in Spellcasting
  1091 | D:1      | Found a faded altar of an unknown god.
  1733 | D:2      | Reached XP level 4. HP: 30/31 MP: 0/0
  2101 | D:3      | Noticed Pargi
  2116 | D:3      | Slain by Pargi

Illustrated notes

Levels and vault maps discovered:
D:1:      erik_arrival_blinker_ship, layout_loops_corners,
          hellmonk_ecumenical_altar_pennies_from_heaven, minmay_octomino_e4
D:2:      layout_rooms
D:3:      layout_basic, overflow_temple_1_default, uniq_sigmund, uniq_pargi,
          uniq_jessica

Skill      XL: |  1  2  3 |
---------------+----------+-----
Stealth        | 2 |  2.3
Spellcasting   | 3 |  3.2
Fighting       | |  0.2
Dodging        | |  2.5

Action                   |  1- 3 |  4- 6 || total
-------------------------+-------+-------++-------
Melee: Unarmed           |       |     7 ||     7
 Cast: Sandblast         |    49 |     7 ||    56
       Stone Arrow       |       |     1 ||     1
  Use: Potion            |       |     3 ||     3
Armor: Robe              |     3 |     2 ||     5
Dodge: Dodged            |    13 |    10 ||    23

Table legend: (Time is in decaauts)
 A = Elapsed time spent in this place.
 B = Non-inter-level travel time spent in this place.
 C = Inter-level travel time spent in this place.
 D = Time resting spent in this place.
 E = Time spent auto-exploring this place.
 F = Levels seen in this place.
 G = Mean time per level.
                   A        B        C        D        E       F      G
               +--------+--------+--------+--------+--------+-----+--------+
         Total |   2114 |   2043 |     71 |    450 |   1309 |   3 |  704.7 |
       Dungeon |   2114 |   2043 |     71 |    450 |   1309 |   3 |  704.7 |
               +--------+--------+--------+--------+--------+-----+--------+

Top non-repeatable levels by time:
     D:1: 1512 daAuts
     D:2: 545 daAuts
     D:3: 56 daAuts
